 Dungeon Crawl Stone Soup version 0.19.4 (webtiles) character file.

524 JeffiDaFish the Stinger (level 7, -5/38 HPs)
             Began as a Gargoyle Venom Mage on Jan 31, 2017.
             Was an Initiate of Vehumet.
             Killed by divine providence
             ... invoked by an orc priest
              (13 damage)
             ... on level 5 of the Dungeon.
             The game lasted 00:16:32 (3473 turns).

JeffiDaFish the Stinger (Gargoyle Venom Mage)       Turns: 3473, Time: 00:16:32

Health: -5/38      AC: 16    Str: 14    XL:     7   Next: 22%
Magic:  8/12       EV: 12    Int: 16    God:    Vehumet [......]
Gold:   206        SH:  6    Dex: 12    Spells: 3 memorised, 5 levels left

rFire  + . .     SeeInvis .     q - +1 flail (protect)
rCold  . . .     Gourm    .     p - +0 leather armour
rNeg   + . .     Faith    .     (no shield)
rPois  ∞         Spirit   .     i - +0 helmet
rElec  +         Reflect  +     a - +0 cloak
rCorr  .         Harm     .     (no gloves)
MR     .....                    (no boots)
Stlth  ++........               n - +6 amulet of reflection
                                k - +3 ring of strength
                                j - ring of protection from fire

@: protection aura
A: negative energy resistance 1, sense surroundings 1, electricity resistance,
unbreathing, petrification resistance, rot immunity, AC +4
a: Renounce Religion


You were on level 5 of the Dungeon.
You worshipped Vehumet.
Vehumet was noncommittal.
You were hungry.

You visited 2 branches of the dungeon, and saw 6 of its levels.

You collected 206 gold pieces.

Inventory:

Hand Weapons
 q - a +1 flail of protection (weapon)
Armour
 a - a +0 cloak (worn)
 i - a +0 helmet (worn)
 p - a +0 leather armour (worn)
Jewellery
 j - a ring of protection from fire (left hand)
 k - a +3 ring of strength (right hand)
 n - a +6 amulet of reflection (around neck)
Wands
 o - a wand of acid (7/15)
Scrolls
 d - 2 scrolls of remove curse
 f - 5 scrolls of identify
 h - a scroll of recharging
 l - 2 scrolls of blinking
Books
 b - a Young Poisoner's Handbook

   Spells                             Type                      Level
   a - Sting                          Conjuration/Poison           1
   b - Mephitic Cloud                 Conjuration/Poison/Air       3
   c - Olgreb's Toxic Radiance        Poison                       4
   d - Alistair's Intoxication        Transmutation/Poison         5
   e - Venom Bolt                     Conjuration/Poison           5
Comestibles
 c - 2 bread rations
 g - 2 meat rations


   Skills:
 + Level 1.3 Fighting
   Level 1.4 Short Blades
 * Level 0.4 Maces & Flails
 + Level 2.3 Dodging
 + Level 3.8 Stealth
 * Level 3.8 Spellcasting
 + Level 2.0 Conjurations
 + Level 1.1 Air Magic
 * Level 5.4 Poison Magic


You had 5 spell levels left.
You knew the following spells:

 Your Spells              Type           Power        Failure   Level  Hunger
a - Sting                 Conj/Pois      ###.         6%          1    None
b - Mephitic Cloud        Conj/Pois/Air  ##......     24%         3    ###....
c - Olgreb's Toxic Radia  Pois           ###.....     28%         4    ####...


Dungeon Overview and Level Annotations

Branches:
Dungeon (5/15)             Temple (1/1) D:4

Altars:
Dithmenos
Elyvilon
Hepliaklqana
Nemelex Xobeh
Okawaru
Qazlal
Trog
Vehumet
Xom
Zin
The Shining One

Annotations:
D:5 Aenea's ghost, novice HaHu


Innate Abilities, Weirdness & Mutations

You are resistant to torment.
Your stone body is resilient. (AC +4)
You are immune to poison.
You resist negative energy. (rN+)
You are resistant to electric shocks. (rElec)
You can survive without breathing.
You are immune to petrification.
You are immune to rotting.
You passively map a small area around you.


Message History

You block Aenea's ghost's attack.
You hit Aenea's ghost but do no damage.
Aenea's ghost is almost destroyed.
The orc priest looks even sicker.
Aenea's ghost hits you but does no damage.
An orc comes into view.
The orc shouts!
You hit Aenea's ghost but do no damage.
Aenea's ghost is almost destroyed.
The orc wizard looks even sicker.
The orc is poisoned.
Your toxic aura wanes.
Aenea's ghost hits you.
* * * LOW HITPOINT WARNING * * *
The orc wizard barely misses you.
An orc comes into view. It is wielding a club.
You miss Aenea's ghost.
Aenea's ghost is almost destroyed.
The orc priest calls down the wrath of Beogh upon you.
Beogh smites you!
You die...

#.....# #....#
#......# #....#
#......# #....#
##.. #....# .... .
* ##....# .... ,
... ####.....##
..##
....#.........#
.##*
.......?.......# *
.#
.......@o........
* ##
.......W..o.....<
* #
.............o...
#
.............o#..,
, #
........##..... *
## .......## #....
.## * ..?....
...., , <.# *
....... ... ,
........


You could see an orc priest, an orc wizard, Aenea's ghost and 2 orcs.

Vanquished Creatures
  Edmund (D:4)
  A scorpion (D:5)
  2 hounds
  Terence (D:2)
  Natasha (twice) (D:2)
  4 worker ants (D:4)
  4 gnolls (D:3)
  5 adders
  An ooze (D:3)
  A worm (D:3)
  2 leopard geckos
  4 ball pythons
  3 giant cockroaches
  8 goblins
  3 hobgoblins
  8 jackals
  5 kobolds
  8 bats
  2 frilled lizards (D:2)
  A leopard gecko skeleton (D:4)
  2 rats
68 creatures vanquished.

Notes
Turn   | Place    | Note
-------+----------+-------------------------------------------
     0 | D:1      | JeffiDaFish the Gargoyle Venom Mage began the quest for the Orb.
     0 | D:1      | Reached XP level 1. HP: 10/10 MP: 3/3
   208 | D:1      | Reached XP level 2. HP: 15/15 MP: 0/5
   637 | D:2      | Noticed Terence
   653 | D:2      | Killed Terence
   653 | D:2      | Reached XP level 3. HP: 10/19 MP: 0/6
   717 | D:2      | Gained mutation: You passively map a small area around you. [potion of beneficial mutation]
  1180 | D:2      | Reached XP level 4. HP: 24/24 MP: 3/7
  1198 | D:2      | Noticed Natasha
  1219 | D:2      | Killed Natasha
  1417 | D:2      | Noticed Natasha
  1448 | D:2      | Killed Natasha
  1533 | D:3      | Reached skill level 1 in Conjurations
  1533 | D:3      | Reached XP level 5. HP: 28/28 MP: 4/9
  1746 | D:3      | Reached skill level 5 in Poison Magic
  1853 | D:3      | Learned a level 3 spell: Mephitic Cloud
  1858 | D:3      | Learned a level 4 spell: Olgreb's Toxic Radiance
  2357 | D:4      | Reached skill level 1 in Short Blades
  2357 | D:4      | Reached XP level 6. HP: 33/33 MP: 11/11
  2744 | D:4      | Found a staircase to the Ecumenical Temple.
  2752 | Temple   | Entered the Ecumenical Temple
  2805 | Temple   | Became a worshipper of Vehumet
  3028 | D:4      | Noticed Edmund
  3049 | D:4      | Killed Edmund
  3049 | D:4      | Reached skill level 1 in Fighting
  3049 | D:4      | Reached skill level 1 in Air Magic
  3049 | D:4      | Reached XP level 7. HP: 37/38 MP: 4/12
  3079 | D:4      | Found a white marble altar of Elyvilon.
  3173 | D:5      | Entered Level 5 of the Dungeon
  3411 | D:5      | Noticed Aenea's ghost (novice HaHu)
  3473 | D:5      | Killed from afar by an orc priest

Skill      XL: |  1  2  3  4  5  6 |
---------------+-------------------+-----
Spellcasting   | 3 |  3.8
Conjurations   | 1 2 |  2.0
Stealth        | 3 |  3.8
Poison Magic   | 5 |  5.4
Short Blades   | 1 |  1.4
Dodging        | 2 |  2.3
Fighting       | 1 |  1.3
Air Magic      | 1 |  1.1
Maces & Flails | |  0.4

Action                   |  1- 3 |  4- 6 |  7- 9 || total
-------------------------+-------+-------+-------++-------
Melee: Dagger            |    20 |   133 |       ||   153
       Flail             |       |       |    54 ||    54
 Cast: Sting             |    32 |    60 |     9 ||   101
       Mephitic Cloud    |       |     4 |     1 ||     5
       Olgreb's Toxic Ra |       |       |     1 ||     1
  Use: Scroll            |     7 |     3 |       ||    10
       Potion            |     2 |     3 |     2 ||     7
 Stab: Sleeping          |     4 |     4 |       ||     8
       Invisible         |       |     1 |       ||     1
       Confused          |       |     1 |       ||     1
  Eat: Chunk             |     1 |     8 |     1 ||    10
Armor: Robe              |     4 |    21 |       ||    25
       Leather armour    |       |    19 |    27 ||    46
Dodge: Dodged            |    11 |    73 |    21 ||   105
Block: Other             |       |    18 |    10 ||    28
